Map: [ESL] Data-C

Players

SpeCial

  • Race: Terran Terran
  • Spawn Location: 3:00

eGGz - Winner!

  • Race: Zerg Zerg
  • Spawn Location: 9:00

Event: DreamHack SC2 Masters 2022 Atlanta (Online)

VOD

Have the link to the VOD?

Description

Time

  • Played on: Sept. 28, 2022, 3:27 p.m.
  • Length: 14:36

All games in this series

Show
View Real Time Build Order
Export as new Build Order

SpeCial Terran 

Build Orders:  

Get SALT Encoding   

  12  0:00  SCV  
  13  0:12  SCV  
  14  0:18  Supply Depot  
  14  0:24  SCV  
  15  0:39  SCV  
  15  0:41  Barracks  
  16  0:45  Refinery  
  16  0:51  SCV  
  17  1:04  SCV  
  18  1:16  SCV  
  19  1:28  Barracks Reactor, Orbital Command  
  19  1:40  Command Center  
  19  1:48  Supply Depot  
  19  1:55  SCV  
  20  2:04  Marine x2  
  20  2:07  SCV  
  23  2:12  Factory  
  23  2:17  Bunker  
  23  2:22  Marine  
  24  2:24  Marine  
  24  2:28  SCV  
  26  2:40  SCV  
  26  2:41  Marine  
  26  2:42  Marine  
  29  2:52  Orbital Command  
  29  2:57  Hellion  
  29  2:58  SCV  
  32  3:04  Starport  
  32  3:10  SCV  
  32  3:11  Refinery  
  33  3:13  Marine  
  33  3:16  Marine  
  33  3:19  SCV  
  36  3:21  Factory Tech Lab  
  36  3:23  SCV  
  37  3:31  SCV  
  38  3:34  Supply Depot  
  38  3:35  SCV  
  38  3:38  Marine x2  
  38  3:41  Medivac  
  43  3:43  SCV  
  44  3:48  SCV  
  44  3:55  SCV  
  46  3:57  Supply Depot, Siege Tank  
  46  3:59  Marine x2  
  46  4:01  SCV  
  46  4:02  Supply Depot  
  52  4:07  SCV  
  53  4:13  SCV  
  54  4:19  SCV, Medivac, Marine  
  54  4:20  Marine  
  59  4:25  SCV  
  58  4:33  Command Center  
  58  4:36  SCV  
  58  4:37  SCV, Marine x2  
  62  4:39  Siege Tank  
  65  4:47  Supply Depot  
  65  4:48  SCV  
  65  4:49  SCV  
  67  4:55  Marine x2  
  68  5:00  SCV  
  68  5:01  SCV  
  70  5:08  Liberator  
  70  5:12  Barracks  
  70  5:13  Marine x2  
  75  5:14  Barracks, SCV  
  76  5:22  SCV  
  76  5:23  Supply Depot, Refinery x2  
  76  5:26  SCV  
  78  5:42  Supply Depot  
  78  5:44  SCV, Siege Tank, Marine x2  
  77  5:56  Starport Reactor  
  62  5:57  Orbital Command  
  62  6:02  Barracks Tech Lab, Marine x2  
  62  6:03  Barracks Tech Lab  
  62  6:04  Barracks, SCV  
  62  6:07  Barracks  
  62  6:08  Engineering Bay  
  62  6:10  Engineering Bay  
  62  6:13  SCV  
  62  6:16  SCV  
  64  6:19  Marine x2  
  64  6:21  Marine  
  64  6:22  Stimpack, Marine  
  64  6:25  Combat Shield  
  68  6:28  Orbital Command  
  68  6:29  SCV x2  
  68  6:31  Siege Tank  
  73  6:37  Marine x2  
  73  6:39  Marine x2  
  76  6:40  Supply Depot  
  76  6:41  Supply Depot, SCV  
  76  6:44  Terran Infantry Armor Level 1, Terran Infantry Weapons Level 1  
  78  6:49  SCV  
  78  6:53  SCV  
  80  6:55  Barracks Reactor x2, Marine x2  
  80  6:56  SCV  
  80  6:57  Marine  
  81  7:01  SCV, Marine  
  81  7:05  SCV  
  81  7:07  Supply Depot  
  81  7:08  SCV, Medivac  
  85  7:10  Medivac  
  85  7:13  Refinery, Marine, SCV  
  85  7:14  Marine  
  85  7:15  Marine  
  93  7:16  Supply Depot  
  93  7:19  Marine  
  93  7:20  SCV x2  
  93  7:22  Supply Depot  
  96  7:26  SCV  
  97  7:31  Marine  
  97  7:32  Supply Depot, Command Center, Marine x4, SCV  
  97  7:33  Marine x2  
  97  7:37  SCV, Marine  
  106  7:38  SCV  
  108  7:48  Medivac  
  108  7:49  Medivac, Marine x2  
  108  7:50  Siege Tank  
  119  7:51  Marauder  
  119  7:55  SCV x3, Marauder  
  119  7:57  Factory  
  119  7:58  Refinery  
  124  8:05  Armory  
  124  8:06  Supply Depot, Marine  
  124  8:07  Supply Depot, Marine x2  
  124  8:12  Marauder, Marine  
  130  8:14  Sensor Tower  
  130  8:18  Marauder, Marine x2  
  134  8:21  Medivac  
  134  8:24  Marine  
  134  8:25  Marine x2  
  139  8:30  Marine  
  142  8:34  Marauder  
  142  8:35  Marine  
  142  8:36  Marine  
  142  8:38  Siege Tank  
  142  8:39  Marauder  
  149  8:42  Supply Depot x2, Marine  
  149  8:43  Marine x2  
  149  8:48  Marine  
  153  8:53  Marine x2  
  153  8:55  Marine  
  156  8:57  SCV  
  156  8:58  SCV  
  156  8:59  Factory Tech Lab, Medivac  
  156  9:00  Medivac  
  156  9:02  Marauder, Marine  
  165  9:04  Marine x2  
  165  9:06  Marine  
  168  9:11  Marine x2  
  168  9:12  Siege Tank  
  168  9:13  Marauder  
  159  9:20  Marine  
  150  9:25  Marauder, Marine x2  
  150  9:26  Siege Tank  
  150  9:30  Terran Infantry Weapons Level 2  
  152  9:35  SCV x3  
  152  9:36  Medivac x2  
  159  9:40  Marine x2  
  159  9:41  Marine x3  
  159  9:43  Marine  
  159  9:44  Planetary Fortress  
  165  9:46  Marine x2  
  167  9:58  Marine x4  
  167  9:59  Marine  
  170  10:02  Sensor Tower, Marine  
  170  10:03  Command Center  
  170  10:04  Marine x2  
  170  10:06  SCV  
  170  10:07  SCV x2  
  176  10:09  Siege Tank  
  179  10:16  Marine x5  
  179  10:18  SCV  
  185  10:25  Barracks  
  185  10:26  Barracks  
  175  10:29  Marine x3  
  175  10:31  Siege Tank  
  175  10:34  Marine x2  
  175  10:35  Marauder  
  181  10:43  Ghost Academy  
  181  10:44  Supply Depot  
  181  10:45  Medivac x2  
  181  10:47  Siege Tank, Marine  
  181  10:48  Marauder, Marine  
  185  10:55  Refinery  
  185  10:56  Marauder  
  186  10:57  Refinery, Terran Infantry Armor Level 2  
  186  10:58  Supply Depot  
  186  11:01  Marine x2  
  186  11:02  Marine x2  
  190  11:04  Marine  
  190  11:06  Marine  
  190  11:09  Marauder  
  194  11:15  Barracks Tech Lab x2  
  194  11:17  Barracks, Marine  
  192  11:24  Command Center  
  192  11:25  Marine x2  
  194  11:28  Marine x2  
  194  11:29  Marine  
  194  11:31  Marauder  
  193  11:35  Marauder  
  177  11:40  Marine  
  177  11:41  Marauder, Marine  
  177  11:42  Marine  
  177  11:43  Marine  
  177  11:46  Marine  
  180  11:48  Marine x2  
  180  11:50  Siege Tank  
  180  11:52  Marauder  
  180  11:55  Siege Tank  
  180  11:56  Supply Depot  
  180  11:57  Marauder  
  180  11:58  Marine x2  
  180  11:59  SCV x3  
  180  12:00  SCV  
  191  12:03  Planetary Fortress  
  191  12:11  SCV  
  191  12:15  Concussive Shells  
  192  12:16  Barracks Reactor  
  192  12:24  Enhanced Shockwaves  
  190  12:31  Missile Turret  
  190  12:32  Ghost  
  190  12:33  Ghost x3  
  190  12:34  Marine  
  191  12:47  Marine  
  191  12:49  Marine x2  
  194  12:51  Siege Tank  
  168  12:59  SCV  
  168  13:01  SCV x2, Siege Tank  
  168  13:02  Marine x2  
  168  13:04  Marine x3, Ghost x2  
  172  13:06  SCV, Marine x2  
  172  13:09  Marine  
  172  13:12  SCV  
  165  13:13  SCV  
  165  13:15  Medivac x2  
  165  13:17  SCV  
  165  13:18  SCV, Ghost  
  165  13:19  Marine  
  175  13:20  Marine  
  175  13:24  SCV  
  175  13:26  Sensor Tower  
  166  13:36  Ghost  
  166  13:37  Marine  
  166  13:38  Marine x2  
  141  13:44  Siege Tank  
  131  13:53  Marine x2  
  131  13:54  Marine  
Show
View Real Time Build Order
Export as new Build Order

eGGz Zerg - Winner!

Build Orders: Pool First 

Get SALT Encoding   

  12  0:01  Drone  
  13  0:12  Overlord  
  13  0:17  Drone  
  14  0:31  Drone x2  
  16  0:41  Spawning Pool  
  15  0:45  Drone  
  16  0:51  Drone  
  17  1:10  Hatchery  
  16  1:12  Drone  
  17  1:27  Extractor  
  17  1:28  Zergling x6  
  19  1:33  Queen  
  19  1:39  Drone  
  22  1:50  Overlord  
  22  2:06  Overlord  
  22  2:11  Drone  
  22  2:13  Queen  
  25  2:28  Drone x2  
  25  2:29  Queen  
  29  2:34  Metabolic Boost  
  29  2:36  Drone  
  29  2:39  Drone  
  29  2:43  Drone  
  31  2:44  Drone  
  31  2:49  Drone  
  32  3:00  Drone  
  32  3:01  Drone  
  34  3:10  Hatchery  
  34  3:11  Drone  
  34  3:19  Drone x4  
  38  3:24  Overlord  
  38  3:27  Zergling x2  
  38  3:33  Queen  
  41  3:38  Queen  
  41  3:40  Drone  
  44  3:42  Drone  
  44  3:44  Drone  
  44  3:45  Drone  
  47  3:51  Zergling x6  
  47  3:54  Drone x2  
  52  4:06  Overlord  
  52  4:08  Overlord  
  52  4:09  Overlord  
  51  4:18  Drone  
  51  4:21  Queen, Overlord  
  51  4:24  Drone x2  
  56  4:26  Evolution Chamber x2  
  56  4:27  Zergling x6  
  56  4:32  Queen  
  56  4:35  Zergling x4  
  60  4:39  Drone x2  
  60  4:43  Drone  
  60  4:44  Drone  
  64  4:46  Drone x2  
  64  4:47  Drone  
  67  4:53  Zergling x8  
  67  4:57  Drone x2  
  67  4:59  Zerg Melee Weapons Level 1  
  71  5:04  Zerg Ground Armor Level 1  
  71  5:09  Drone x2  
  71  5:12  Zergling x8  
  77  5:15  Zergling x6  
  77  5:20  Zergling x4, Baneling Nest  
  77  5:21  Zergling x2  
  82  5:23  Overlord  
  82  5:25  Zergling x2  
  82  5:29  Overlord  
  82  5:34  Zergling x6  
  85  5:36  Zergling x2  
  85  5:40  Queen  
  85  5:41  Zergling x4, Queen  
  92  5:48  Zergling x8  
  92  5:49  Zergling x4  
  89  5:53  Zergling x2  
  86  5:58  Lair  
  86  5:59  Drone x2  
  88  6:06  Drone x2  
  88  6:09  Baneling x2  
  88  6:10  Drone, Hatchery  
  88  6:11  Extractor  
  89  6:12  Extractor  
  89  6:17  Zergling x8  
  92  6:23  Drone x3  
  95  6:30  Zergling x2  
  96  6:38  Spore Crawler, Zergling x2  
  96  6:39  Zergling x2  
  97  6:40  Hatchery  
  97  6:44  Zergling x8  
  100  6:49  Zergling x10  
  100  6:51  Baneling x4  
  105  6:56  Zergling x4  
  105  7:00  Drone x2  
  106  7:05  Overlord x2  
  106  7:11  Overlord  
  106  7:13  Centrifugal Hooks  
  106  7:14  Overlord  
  106  7:16  Overlord  
  106  7:21  Overlord  
  106  7:24  Zergling x18  
  115  7:35  Drone  
  115  7:36  Drone  
  115  7:37  Drone x2  
  119  7:39  Drone x2  
  119  7:41  Drone x2  
  119  7:43  Zerg Ground Armor Level 2  
  123  7:44  Zergling x6, Extractor x2  
  123  7:48  Baneling x2  
  123  7:50  Overlord  
  124  7:54  Drone x3  
  124  7:55  Extractor  
  124  7:56  Drone x2  
  124  7:58  Drone x2  
  130  8:00  Zergling x2  
  130  8:04  Zergling x6  
  134  8:13  Infestation Pit, Drone x3  
  134  8:16  Drone x3  
  134  8:17  Zerg Melee Weapons Level 2  
  139  8:20  Zergling x2  
  139  8:21  Zergling x6  
  142  8:27  Zergling x10  
  142  8:34  Drone x4  
  149  8:35  Drone x3  
  149  8:39  Zergling x6  
  156  8:51  Zergling x22  
  161  8:59  Baneling x11  
  161  9:04  Hive  
  161  9:07  Zergling x10  
  146  9:20  Zergling x28  
  146  9:24  Zergling x4  
  142  9:28  Zergling x2  
  142  9:29  Zergling x12  
  145  9:32  Drone x3  
  145  9:37  Drone  
  145  9:38  Drone x5  
  154  9:40  Drone  
  154  9:56  Zergling x2, Hatchery  
  154  9:57  Zergling x20  
  163  10:09  Baneling x23  
  163  10:11  Baneling x9  
  163  10:12  Baneling  
  163  10:13  Zergling x2  
  163  10:14  Zergling x2  
  164  10:17  Adrenal Glands  
  153  10:37  Ultralisk Cavern  
  153  10:38  Zergling x42  
  165  10:48  Zergling x24  
  166  10:52  Ultralisk Cavern  
  166  10:54  Zergling x6  
  168  11:03  Zerg Melee Weapons Level 3  
  168  11:04  Zerg Ground Armor Level 3  
  155  11:18  Zergling x10  
  155  11:19  Zergling x24  
  168  11:38  Zergling x32  
  177  11:42  Chitinous Plating  
  171  11:54  Ultralisk  
  171  11:57  Overlord  
  177  12:06  Overlord  
  177  12:09  Extractor x2  
  175  12:16  Ultralisk x2  
  175  12:18  Hatchery  
  186  12:26  Zergling x18  
  195  12:38  Spore Crawler, Spine Crawler  
  188  12:48  Zergling x2  
  188  12:49  Zergling x12  
  150  13:05  Zergling x2  
  150  13:06  Zergling x30  
  150  13:11  Zergling x2  
  150  13:12  Zergling x26  
  166  13:15  Zergling x2  
  163  13:20  Zergling x4  
  163  13:22  Infestor  
  163  13:23  Infestor x2  
  171  13:27  Zergling x14  
  171  13:28  Baneling x4  
  171  13:29  Baneling x24  
  173  13:41  Zergling x20  
  178  13:45  Overlord  
  174  13:50  Zergling x8  
  174  13:51  Zergling x2  
  166  13:58  Zergling x16  
  164  14:05  Zergling x8  
  164  14:09  Zergling x2  
Tags
 
Add a new tag
Caveats
  • Supply blocks, unpowered buildings, or Contaminate may cause inaccurate times.
  • Supply counts are checked every 10 seconds.